 Dungeon Crawl Stone Soup version 0.24.0-13-gcf9b3192b9 (webtiles) character file.

Game seed: 584102959263626967, levelgen mode: deterministic

636984 Thantalas the Marksgnoll (level 27, -8/286 HPs)
             Began as a Gnoll Fighter on Nov 4, 2019.
             Was the Champion of Cheibriados.
             Killed from afar by an orb of fire (16 damage)
             ... with a bolt of fire
             ... on level 5 of the Realm of Zot on Nov 5, 2019.
             The game lasted 03:03:42 (64049 turns).

Thantalas the Marksgnoll (Gnoll Fighter)           Turns: 64049, Time: 03:03:43

Health: -8/286     AC: 32    Str: 52    XL:     27
Magic:  17/45      EV: 40    Int: 36    God:    Cheibriados [******]
Gold:   1672       SH: 29    Dex: 35    Spells: 7/62 levels left

rFire    + + .     SeeInvis +   a - +8 autumn katana {slice, Clar}
rCold    x x .     Gourm    .   I - +2 shield {rN+}
rNeg     + + +     Faith    .   (armour currently unavailable)
rPois    ∞         Spirit   .   b - +0 mask of the Dragon {MR+ Slay+3 SInv}
rElec    +         Reflect  +   J - +0 cloak of the Hippo {Str+4}
rCorr    .         Harm     .   (gloves currently unavailable)
MR       +++++     Clarity  +   (boots currently unavailable)
Stlth    +++++++++.             o - +6 amulet of reflection
HPRegen  1.57/turn              L - ring "Pyaduv" {rPois rN++ MR+++ Slay+5 SInv}
MPRegen  0.29/turn              c - ring "Diragg" {*Corrode +Blink EV+1 Int+2 Slay+5}

@: mighty, brilliant, agile, immune to fire clouds, statue-form, very slightly
contaminated, regenerating, invisible, very slow
A: distributed training, fangs 1, blurry vision 3, strong nose
}: 3/15 runes: decaying, serpentine, silver
a: End Transformation, Bend Time, Temporal Distortion, Slouch, Step From Time,
Renounce Religion, Evoke Blink


You were on level 5 of the Realm of Zot.
You worshipped Cheibriados.
Cheibriados was exalted by your worship.
You were not hungry.
You were a stone statue.
You visited 11 branches of the dungeon, and saw 53 of its levels.
You also visited: Ice Cave, Volcano and Wizlab.

You collected 8386 gold pieces.
You spent 6714 gold pieces at shops.

Inventory:

Hand Weapons
 a - the +8 autumn katana (weapon) {slice, Clar}
   (You found it on level 13 of the Dungeon)

   It inflicts extra damage upon your enemies.
   It protects you against confusion.
Missiles
 r - 22 javelins (quivered)
 F - 7 throwing nets {!f}
Armour
 b - the +0 mask of the Dragon (worn) {MR+ Slay+3 SInv}
   (You bought it in a shop on level 2 of the Orcish Mines)

   It affects your accuracy and damage with ranged weapons and melee attacks
   (+3).
   It affects your resistance to hostile enchantments.
   It lets you see invisible.
 l - +8 gold dragon scales (melded)
   (You bought it in a shop on level 1 of the Snake Pit)
 G - a +0 pair of gloves (melded)
   (You found it on level 11 of the Dungeon)
 I - a +2 shield of positive energy (worn)
   (You found it on level 3 of the Depths)
 J - the +0 cloak of the Hippo (worn) {Str+4}
   (You found it on level 3 of the Lair of Beasts)

   It affects your strength (+4).
 M - a +1 pair of boots (melded)
   (You found it on level 4 of the Lair of Beasts)
Jewellery
 c - the ring "Diragg" (right hand) {*Corrode +Blink EV+1 Int+2 Slay+5}
   (You bought it in a shop on level 4 of the Dungeon)

   [ring of evasion]

   It affects your evasion (+1).
   It affects your intelligence (+2).
   It affects your accuracy and damage with ranged weapons and melee attacks
   (+5).
   It lets you blink.
   It may corrode you when you take damage.
 o - a +6 amulet of reflection (around neck)
   (You bought it in a shop on level 1 of the Snake Pit)
 L - the ring "Pyaduv" (left hand) {rPois rN++ MR+++ Slay+5 SInv}
   (You bought it in a shop on level 4 of the Dungeon)

   [ring of slaying]

   It affects your accuracy and damage with ranged weapons and melee attacks
   (+5).
   It protects you from poison.
   It greatly protects you from negative energy.
   It affects your resistance to hostile enchantments.
   It lets you see invisible.
Wands
 d - a wand of iceblast (31)
   (You found it on level 3 of the Dungeon)
 u - a wand of paralysis (27)
   (You found it on level 1 of the Snake Pit)
 v - a wand of digging (11)
   (You found it on level 2 of the Vaults)
 w - a wand of clouds (10)
   (You found it on level 3 of the Crypt)
 x - a wand of acid (13)
   (You found it on level 1 of the Swamp)
Scrolls
 g - 25 scrolls of teleportation {@r4}
 h - 25 scrolls of remove curse {@r2}
 i - 3 scrolls of enchant weapon
 q - 10 scrolls of amnesia
 s - 7 scrolls of fog
 y - a scroll of immolation {!r}
 z - 8 scrolls of magic mapping
 K - 10 scrolls of identify {@r1}
 P - 8 scrolls of fear
 Q - 3 scrolls of summoning
 R - 5 scrolls of blinking
Potions
 j - 29 potions of mutation {!q}
 m - 3 potions of brilliance
 p - 3 potions of cancellation
 A - a potion of might
 B - 7 potions of ambrosia
 C - 3 potions of flight
 E - 16 potions of curing {@q1}
 N - 3 potions of agility
 S - a potion of magic
Miscellaneous
 D - a lightning rod (4/4) {!a}
   (You found it on level 10 of the Dungeon)
 O - 2 phantom mirrors
 V - a lamp of fire
   (You found it on level 3 of the Crypt)
Comestibles
 f - 88 rations {!d}


   Skills:
 + Level 18.9 Fighting
 + Level 18.1 Short Blades
 + Level 18.1 Long Blades
 + Level 18.1 Axes
 + Level 18.1 Maces & Flails
 + Level 18.5 Polearms
 + Level 18.1 Staves
 + Level 18.1 Slings
 + Level 19.5 Bows
 + Level 18.1 Crossbows
 + Level 18.3 Throwing
 + Level 18.9 Armour
 + Level 18.1 Dodging
 + Level 18.1 Stealth
 + Level 18.9 Shields
 + Level 18.1 Unarmed Combat
 + Level 18.1 Spellcasting
 + Level 15.6 Conjurations
 + Level 15.6 Hexes
 + Level 15.6 Charms
 + Level 15.6 Summonings
 + Level 15.6 Necromancy
 + Level 15.6 Translocations
 + Level 15.6 Transmutations
 + Level 15.6 Fire Magic
 + Level 15.6 Ice Magic
 + Level 15.6 Air Magic
 + Level 15.6 Earth Magic
 + Level 15.6 Poison Magic
 + Level 19.4 Invocations
 + Level 18.1 Evocations


You had 7 spell levels left.
You knew the following spells:

 Your Spells              Type           Power        Failure   Level  Hunger
a - Necromutation         Tmut/Necr      ########..   1%          8    ####...
g - Apportation           Tloc           ######       0%          1    None
s - Summon Butterflies    Summ           ########     0%          1    None
u - Statue Form           Tmut/Erth      ########.    1%          6    None
A - Borgnjor's Vile Clut  Necr/Erth      ########..   1%          5    None
B - Summon Lightning Spi  Summ/Air       ########     0%          4    None
C - Summon Forest         Summ/Tloc      ########..   1%          5    None
D - Malign Gateway        Summ/Tloc      ########..   1%          7    ##.....
E - Ignition              Fire           ########..   1%          8    ####...
F - Ring of Flames        Chrm/Fire      ########..   1%          7    ##.....
K - Regeneration          Chrm/Necr      ########..   0%          3    None

Your spell library contained the following spells:

 Spells                   Type           Power        Failure   Level  Hunger
 Animate Skeleton         Necr           N/A          0%          1    None
 Beastly Appendage        Tmut           ######       0%          1    None
 Confusing Touch          Hex            ######       0%          1    None
 Corona                   Hex            #######      0%          1    None
 Flame Tongue             Conj/Fire      #####        0%          1    None
 Freeze                   Ice            ####         0%          1    None
 Pain                     Necr           ####         0%          1    None
 Shock                    Conj/Air       ####         0%          1    None
 Sting                    Conj/Pois      ####         0%          1    None
 Summon Small Mammal      Summ           ####         0%          1    None
 Call Imp                 Summ           ########     0%          2    None
 Corpse Rot               Necr           N/A          0%          2    None
 Ensorcelled Hibernation  Hex/Ice        ######       0%          2    None
 Searing Ray              Conj           ######       0%          2    None
 Slow                     Hex            ########     0%          2    None
 Sublimation of Blood     Necr           ########..   0%          2    None
 Swiftness                Chrm/Air       ########     0%          2    None
 Throw Flame              Conj/Fire      ######       0%          2    None
 Throw Frost              Conj/Ice       ######       0%          2    None
 Call Canine Familiar     Summ           ########     0%          3    None
 Confuse                  Hex            ########     0%          3    None
 Conjure Flame            Conj/Fire      ########     0%          3    None
 Gell's Gravitas          Tloc           ########..   0%          3    None
 Ignite Poison            Fire/Tmut/Pois ########     0%          3    None
 Inner Flame              Hex/Fire       ########     0%          3    None
 Ozocubu's Armour         Chrm/Ice       ########     0%          3    None
 Portal Projectile        Hex/Tloc       ######       0%          3    None
 Recall                   Summ/Tloc      N/A          0%          3    None
 Spider Form              Tmut/Pois      ########..   0%          3    None
 Static Discharge         Conj/Air       ########     0%          3    None
 Stone Arrow              Conj/Erth      ######       0%          3    None
 Summon Guardian Golem    Hex/Summ       ########     0%          3    None
 Vampiric Draining        Necr           ########..   0%          3    None
 Airstrike                Air            ########..   0%          4    None
 Animate Dead             Necr           N/A          0%          4    None
 Cause Fear               Hex            ########..   0%          4    None
 Leda's Liquefaction      Hex/Erth       ########..   0%          4    None
 Petrify                  Tmut/Erth      ########     0%          4    None
 Sticky Flame             Conj/Fire      ########     0%          4    None
 Summon Ice Beast         Ice/Summ       ########     0%          4    None
 Throw Icicle             Conj/Ice       ########     0%          4    None
 Agony                    Necr           ########     1%          5    None
 Alistair's Intoxication  Tmut/Pois      ########     1%          5    None
 Bolt of Draining         Conj/Necr      ########..   1%          5    None
 Bolt of Magma            Conj/Fire/Erth ########..   1%          5    None
 Dispel Undead            Necr           ########     1%          5    None
 Excruciating Wounds      Chrm/Necr      ########..   1%          5    None
 Fireball                 Conj/Fire      ########..   1%          5    None
 Irradiate                Conj/Tmut      ########..   1%          5    None
 Lightning Bolt           Conj/Air       ########..   1%          5    None
 Metabolic Englaciation   Hex/Ice        ########..   1%          5    None
 Silence                  Hex/Air        ########..   1%          5    None
 Summon Mana Viper        Hex/Summ       ########     1%          5    None
 Yara's Violent Unravell  Hex/Tmut       ########..   1%          5    None
 Bolt of Cold             Conj/Ice       ########..   1%          6    None
 Bolt of Fire             Conj/Fire      ########..   1%          6    None
 Darkness                 Hex            ########..   1%          6    None
 Hydra Form               Tmut           ########..   1%          6    None
 Iron Shot                Conj/Erth      ########..   1%          6    None
 Ozocubu's Refrigeration  Ice            ########..   1%          6    None
 Shadow Creatures         Summ           N/A          1%          6    None
 Simulacrum               Ice/Necr       ########..   1%          6    None
 Dragon Form              Tmut           ########..   1%          7    ##.....
 Haunt                    Necr/Summ      ########..   1%          7    ##.....
 Monstrous Menagerie      Summ           ########..   1%          7    ##.....
 Summon Greater Demon     Summ           ########..   1%          7    ##.....
 Summon Hydra             Summ           ########..   1%          7    ##.....
 Borgnjor's Revivificati  Necr           ########..   1%          8    ####...
 Death's Door             Chrm/Necr      ########..   1%          8    ####...
 Infestation              Necr           ########..   1%          8    ####...
 Summon Horrible Things   Summ           ########..   1%          8    ####...
 Dragon's Call            Summ           ########..   17%         9    ######.
 Shatter                  Erth           ########..   17%         9    ######.
 Tornado                  Air            ########..   17%         9    ######.


Dungeon Overview and Level Annotations

Branches:
Dungeon (15/15)            Temple (1/1) D:5            Lair (6/6) D:8
  Swamp (4/4) Lair:4        Snake (4/4) Lair:2        Slime (0/5) Lair:5
    Orc (2/2) D:12            Elf (3/3) Orc:2        Vaults (5/5) D:14
  Crypt (3/3) Vaults:3       Tomb (0/3) Crypt:3      Depths (5/5) D:15
    Zot (5/5) Depths:5      IceCv (visited)         Volcano (visited)
 WizLab (visited)

Altars:
Ashenzari
Cheibriados
Dithmenos
Elyvilon
Fedhas
Gozag
Hepliaklqana
Kikubaaqudgha
Makhleb
Nemelex Xobeh
Okawaru
Qazlal
Ru
Sif Muna
Trog
Uskayaw
Vehumet
Wu Jian
Xom
Yredelemnul
Zin
The Shining One
Jiyva
Lugonu

Shops:
D:4 =   D:11 }%%   Orc:2 ?=[[   Elf:3 (%}   Snake:1 %!=[!   Snake:2 [
Vaults:1 (   Vaults:3 =   Depths:3 =}}   Depths:4 **

Portals:
Hell: Depths:1 Depths:2 Depths:3 Depths:4 Depths:5
Abyss: Depths:2 Depths:3 Depths:4
Pandemonium: Depths:2 Depths:3 Depths:5
Ziggurat: Depths:5

Annotations:
Elf:2 1 runed translucent door
Zot:5 exclusion: obsidian statue


Innate Abilities, Weirdness & Mutations

Your experience applies equally to all skills.
You have very sharp teeth.
Your uncanny sense of smell can sniff out nearby items.
Scrolls take you much longer to read.


Message History

You closely miss the orb of fire.
The orb of fire glows deep purple.
The bolt of fire misses you.
The orb of fire glows yellow.
The fireball explodes!
The fireball engulfs the orb of fire.
The orb of fire completely resists.
The fireball engulfs you!! You resist.
* * * LOW HITPOINT WARNING * * *
The fireball engulfs the orb of fire.
The orb of fire completely resists.
The fireball engulfs the orb of fire.
The orb of fire completely resists.
The orb of fire glows yellow.
The fireball explodes!
The fireball engulfs you! You resist.
* * * LOW HITPOINT WARNING * * *
The fireball engulfs the orb of fire.
The orb of fire completely resists.
The fireball engulfs the orb of fire.
The orb of fire completely resists.
A purple draconian shifter comes into view.
It is wielding a +0 whip.
Your eldritch tentacle closely misses the Killer Klown.
Your eldritch tentacle claws the Killer Klown.
Your eldritch tentacle freezes the Killer Klown!!
The moth of wrath's fur bristles in rage as it notices you.
Your blink will be uncontrolled - continue anyway?
Uppercase [Y]es or [N]o only, please.
Your blink will be uncontrolled - continue anyway?
Really read with blurry vision while enemies are nearby?
You feel less vulnerable to fire.
The orb of fire emits a lurid red light.
The fireball explodes!
The fireball engulfs you!! You resist.
* * * LOW HITPOINT WARNING * * *
The fireball engulfs the orb of fire.
The orb of fire completely resists.
The fireball engulfs the orb of fire.
The orb of fire completely resists.
The Killer Klown prods your eldritch tentacle with a +12 club of flaming.
Your eldritch tentacle misses the orb of fire.
Your eldritch tentacle claws the orb of fire but does no damage.
The orb of fire emits a lurid red light.
The bolt of fire hits the orb of fire.
The orb of fire completely resists.
The bolt of fire misses you.
The bolt of fire hits the purple draconian!!
The orb of fire glows red.
Strange energies course through your body.
Your vision blurs.
The Killer Klown blinks!
Your eldritch tentacle slaps the orb of fire but does no damage.
Your eldritch tentacle claws the orb of fire!
The orb of fire's magic leaks into the air.
The purple draconian roars!
You begin reading the scroll.
You continue reading the scroll.
The moth of wrath's fur bristles in rage as it notices you.
The orb of fire emits a lurid red light.
The bolt of fire hits the orb of fire.
The orb of fire completely resists.
The bolt of fire hits you! You resist.
You die...

......## #^..^♣.♣.............#
......# #^.^.................#
......## #...*..♣....♣^.♣.....#
.......# #..<......♣..........#
.......## #...\..........[.....#
........###...^\.§.)...........#
######...##♣....w♣C...........##
##....♣#.d°*°y^.........##
###.q...[○8**.........#*
#▓▓▓▓▓▓▓▓▓▓▓♣#....8▓▓
****,∆,,,,,,,^♣....**
***∆,∆,,,,,,,,,.X....,**
**,,,,,,,,,,,,,,,..^..,,** *****
*,,,,,,,,,,,,,,,,...*.,,,*
,,,,***,,,,,,,,,,,,,,,,,,,,,,,,*
,,,,,**,,,,∆,,,,,,,,,,,,,,,,,,**
,,,,,,*,,,,,,,,,,,,,,,,,,,,,,**


You could see a juggernaut, 3 orbs of fire, a purple draconian, a purple
draconian shifter (wandering), a moth of wrath (wandering) and a friendly
eldritch tentacle.

Vanquished Creatures
  Mara (Swamp:4)
  An orb of fire (Zot:5)
  4 ancient liches
  Mennas (Vaults:2)
  Boris (twice) (Vaults:2 Crypt:2)
  Margery (Vaults:5)
  Bai Suzhen (Swamp:4)
  A Killer Klown (Zot:5)
  3 curse toes
  Vashnia (Snake:3)
  Saint Roka (Vaults:4)
  Xtahua (Vaults:5)
  Nikola (Snake:3)
  8 golden dragons
  The ghost of Jetyrhek the Devastator, a veteran GrEE of Lugonu (Crypt:2)
  The ghost of Johnny the Trollish Blade, an adept TrBe of Trog (Vaults:2)
  3 bone dragons
  A mutant beast (WizLab)
  Jory (Depths:5)
  4 liches
  12 tentacled monstrosities
  21 Orb Guardians (Zot:5)
  A deep elf master archer (Elf:3)
  Asterion (Vaults:2)
  7 titans (Vaults:5)
  3 deep elf blademasters
  10 quicksilver dragons
  8 death cobs
  5 tengu reavers
  3 shadow dragons
  A sphinx (shapeshifter) (Depths:3)
  14 storm dragons
  Donald (Snake:2)
  4 ancient champions
  A sphinx (Vaults:5)
  A thorn hunter (Swamp:4)
  3 draconian monks
  2 azure jellies (Depths:4)
  7 nagarajas (Snake:4)
  A revenant (Crypt:3)
  7 draconian knights
  7 frost giants
  2 iron dragons
  A balrug (Depths:4)
  An orc warlord (Orc:2)
  5 fire giants
  7 deep elf sorcerers
  2 curse skulls
  A ghost moth (Zot:5)
  6 draconian scorchers
  8 draconian stormcallers
  2 draconian shifters
  Aizul (Snake:3)
  6 draconian annihilators
  A ghoul (Crypt:1)
  5 deep elf elementalists
  12 vault wardens
  2 spriggan defenders
  5 war gargoyles
  12 ironheart preservers
  16 stone giants
  23 very ugly things
  5 vampire knights
  A juggernaut skeleton (Crypt:1)
  8 black draconians
  10 green draconians
  17 deep elf annihilators
  An entropy weaver (Vaults:5)
  A minotaur (D:12)
  9 deep elf demonologists
  8 red draconians
  9 yellow draconians
  9 white draconians
  2 spark wasps (Depths:5)
  6 purple draconians
  The ghost of Fuxod the Fighter, a journeyman GnWn of Xom (Lair:3)
  4 eidola
  12 deep elf death magi
  8 ettins
  A mummy priest (Crypt:3)
  14 ogre magi
  Fannar (Orc:1)
  3 jiangshi
  12 fire dragons
  18 yaktaur captains
  9 great orbs of eyes
  9 naga warriors
  8 ice dragons
  31 vault guards
  5 deep elf high priests
  17 hydras
  4 rakshasas
  6 anacondas
  A merfolk avatar (Lair:6)
  3 spriggan air magi
  13 centaur warriors
  The ghost of Buchaag the Cleaver, a novice MiMo of Makhleb (D:13)
  3 death knights
  4 deep troll earth magi
  3 ghost crabs
  50 two-headed ogres
  12 alligators
  7 tengu warriors
  9 deep troll shamans
  37 dancing weapons
  10 spriggan berserkers
  9 vampire magi
  4 orc high priests
  Nergalle (Lair:2)
  An iron golem (WizLab)
  7 shock serpents
  8 death yaks
  A soul eater (Crypt:1)
  16 naga sharpshooters
  8 skeletal warriors
  A titan skeleton (Crypt:3)
  13 deep elf knights
  7 hell knights
  3 iron trolls
  2 salamander mystics (Snake:2)
  2 fire crabs (shapeshifter) (WizLab)
  2 sea snakes (Lair:6)
  7 shadow wraiths
  5 wizards
  13 flayed ghosts
  14 deep trolls
  3 spriggan druids
  8 swamp dragons
  3 unseen horrors
  3 glowing orange brains
  An orange crystal statue (Crypt:2)
  6 naga ritualists
  8 deep elf archers
  An unseen horror (shapeshifter) (WizLab)
  A wolf spider zombie (D:15)
  22 phantasmal warriors
  Pikel (D:4)
  3 harpies (shapeshifter)
  6 harpies
  4 necromancers
  17 orc knights
  2 anaconda skeletons
  2 spectral hydras (Swamp:4)
  A mana viper (shapeshifter) (Vaults:5)
  A golden dragon skeleton (Depths:3)
  64 deep elf magi
  10 ironbrand convokers
  47 ugly things
  A frost giant zombie (Crypt:3)
  18 salamanders
  6 oklob plants
  2 wolf spiders
  40 slime creatures
  A cyclops (shapeshifter) (Vaults:4)
  A sphinx skeleton (Crypt:1)
  4 cyclopes
  5 orc sorcerers
  A salamander (shapeshifter) (WizLab)
  7 mana vipers
  3 manticores
  21 moths of wrath
  Maurice (D:9)
  28 black mambas
  14 vault sentinels
  17 naga magi
  23 elephants
  A spiny frog (shapeshifter) (Depths:1)
  2 ice statues (IceCv)
  13 spiny frogs
  11 fire giant skeletons (Crypt:3)
  4 gargoyles (Crypt:3)
  A titan simulacrum (Crypt:1)
  4 molten gargoyles (D:15)
  A catoblepas zombie (Crypt:2)
  A water nymph (shapeshifter) (D:13)
  2 guardian serpents (shapeshifter)
  7 komodo dragons
  5 centaur skeletons
  6 swamp worm zombies (Swamp:4)
  An efreet (D:10)
  A kobold demonologist (D:13)
  3 komodo dragons (shapeshifter)
  25 yaktaurs
  6 ice devils (IceCv)
  10 rime drakes
  13 freezing wraiths
  A hellwing (Depths:4)
  9 trolls
  5 hydra zombies
  2 tengu conjurers
  5 polar bears
  A green draconian skeleton (Crypt:2)
  2 wind drakes (Lair:6)
  A red devil (Depths:4)
  A troll (shapeshifter) (WizLab)
  A jumping spider (Vaults:5)
  21 hornets
  2 hornets (shapeshifter)
  A harpy zombie (Crypt:1)
  A queen bee (shapeshifter) (WizLab)
  3 meliai (shapeshifter)
  A sphinx simulacrum (Depths:3)
  9 tyrant leeches
  2 hippogriffs (shapeshifter)
  2 blink frogs (shapeshifter)
  11 bog bodies
  5 alligator zombies
  7 hippogriffs
  3 blink frogs
  3 raiju (shapeshifter)
  A stone giant simulacrum (Vaults:3)
  12 shadows
  2 spectral swamp dragons (Swamp:4)
  3 air elementals
  8 fire dragon skeletons (Crypt:3)
  2 meliai zombies
  11 water elementals
  A redback (Vaults:5)
  19 spriggans
  An ettin skeleton (Crypt:1)
  5 vampires (Crypt:3)
  A satyr skeleton (Crypt:2)
  4 wraiths
  A tarantella (shapeshifter) (Vaults:4)
  13 large abominations
  A human (shapeshifter) (Vaults:4)
  3 fire elementals
  2 yaks (shapeshifter) (WizLab)
  2 basilisks
  2 hogs (shapeshifter)
  12 wyverns
  5 hungry ghosts
  39 yaks
  3 fire bats (Lair:3)
  A basilisk (shapeshifter) (WizLab)
  9 vampire mosquitoes
  A steam dragon (Lair:4)
  A human simulacrum (Vaults:1)
  A chaos spawn (Depths:3)
  A yaktaur simulacrum (Vaults:3)
  A harpy simulacrum (Depths:4)
  9 swamp worms
  11 wargs
  A merfolk zombie (Crypt:2)
  54 nagas
  4 soldier ants
  12 insubstantial wisps
  2 acid dragons
  9 water moccasins
  A water moccasin (shapeshifter) (Vaults:5)
  A hydra simulacrum (Depths:4)
  A soldier ant (shapeshifter) (WizLab)
  8 porcupines
  4 floating eyes (WizLab)
  35 orc warriors
  8 swamp drakes
  3 sky beasts
  2 black bears
  An eye of draining (D:12)
  5 ice beasts
  A spiny frog skeleton (Crypt:1)
  A snapping turtle zombie (Crypt:3)
  A fire dragon simulacrum (Depths:4)
  2 swamp dragon zombies (Swamp:4)
  12 boggarts
  2 eyes of draining (shapeshifter)
  An ogre (shapeshifter) (WizLab)
  8 phantoms
  2 necrophages
  33 ogres
  10 wolves
  16 crocodiles
  12 centaurs
  25 bullfrogs
  15 small abominations
  A wyvern zombie (D:14)
  A big kobold (D:14)
  A gnoll sergeant (D:10)
  An elf skeleton (Crypt:1)
  2 earth elementals
  A cyclops skeleton (Crypt:1)
  A cyclops zombie (Crypt:2)
  A troll zombie (Crypt:2)
  7 scorpions
  10 killer bees
  2 elephant simulacra (Depths:4)
  2 vampire bats (Lair:3)
  20 wights
  5 howler monkeys
  3 electric eels
  4 centaur zombies
  A bullfrog zombie (D:11)
  10 crimson imps
  5 jellies
  Crazy Yiuf (D:5)
  18 orc priests
  12 hounds
  3 bullfrog skeletons
  14 worker ants
  2 iguanas
  25 orc wizards
  A spectral swamp drake (Swamp:4)
  2 spriggan simulacra (IceCv)
  3 troll simulacra
  A tengu zombie (Crypt:3)
  3 centaur simulacra (IceCv)
  A tengu skeleton (Crypt:2)
  2 hound skeletons (D:5)
  2 hound zombies
  11 gnolls
  11 adders
  A swamp drake zombie (Swamp:4)
  4 naga simulacra
  An ogre simulacrum (IceCv)
  6 shadow imps
  3 oozes
  An adder skeleton (D:9)
  2 adder zombies
  A lava snake skeleton (Crypt:2)
  2 worms
  A barachi skeleton (Crypt:2)
  9 leopard geckos
  90 orcs
  A ball python (D:2)
  14 bats
  A bat skeleton (Crypt:2)
  6 giant cockroaches
  9 hobgoblins
  11 jackals
  5 quokkas
  6 frilled lizards
  8 goblins
  7 kobolds
  2 quokka skeletons
  4 rats
  A crawling corpse (Vaults:5)
  5 plants
2296 creatures vanquished.

Vanquished Creatures (collateral kills)
  A golden dragon (Zot:4)
  An electric golem (Zot:5)
  A tentacled monstrosity (Zot:2)
  Rupert (Orc:2)
  4 Orb Guardians (Zot:5)
  A death cob (Zot:2)
  3 storm dragons
  A fire giant (Vaults:5)
  A frost giant (Depths:2)
  A ghost moth (Zot:2)
  A draconian scorcher (Zot:3)
  2 vault wardens (Vaults:5)
  A draconian shifter (Zot:1)
  2 very ugly things
  2 ironheart preservers
  A spriggan defender (Depths:3)
  2 stone giants
  A green draconian (Zot:2)
  A large abomination (Vaults:5)
  2 purple draconians
  A black draconian (Zot:3)
  A yellow draconian (Zot:1)
  4 red draconians
  A deep elf high priest (Vaults:5)
  A yaktaur captain (Depths:3)
  The ghost of Naggiasi the Slicer, a journeyman KoAs of Trog (D:12)
  A naga warrior (Snake:4)
  A spriggan air mage (Depths:3)
  3 vault guards
  A hydra (Swamp:3)
  10 two-headed ogres
  A deep troll earth mage (Depths:4)
  2 ogre magi (Vaults:5)
  A naga sharpshooter (Snake:4)
  A spriggan berserker (Depths:3)
  2 hell knights
  3 spriggans
  A swamp dragon (Swamp:2)
  A spectral hydra (Swamp:4)
  A naga ritualist (Snake:1)
  A wizard (Depths:2)
  2 deep elf archers
  A necromancer (Crypt:1)
  5 deep elf magi
  2 ugly things (D:14)
  A frost giant skeleton (Depths:3)
  A guardian serpent (Snake:3)
  2 naga magi (Snake:4)
  2 ice statues (Depths:4)
  An elf zombie (Depths:3)
  2 black mambas
  A spiny frog (shapeshifter) (D:14)
  6 yaktaurs
  A kobold demonologist (D:13)
  A tengu conjurer (Depths:2)
  4 hornets
  A blink frog (Swamp:2)
  A slime creature (Swamp:1)
  A tyrant leech (Swamp:1)
  A yak (D:12)
  A fire dragon skeleton (Crypt:1)
  A hungry ghost (D:12)
  10 nagas
  3 wargs
  6 orc warriors
  A swamp drake (Swamp:4)
  A swamp dragon zombie (Swamp:4)
  An ice beast (shapeshifter) (Depths:2)
  2 phantoms (Swamp:4)
  9 ogres
  3 small abominations (Depths:3)
  A big kobold (D:13)
  6 orc priests
  3 orc wizards
  A spectral swamp drake (Swamp:4)
  13 orcs
  A kobold (D:13)
  6 crawling corpses (Vaults:5)
174 creatures vanquished.

Vanquished Creatures (others)
  A deep elf master archer (Elf:3)
  10 eldritch tentacles
  A draconian knight (Zot:3)
  A stone giant (Depths:1)
  4 yaktaur captains
  A deep troll (Depths:4)
  A deep elf mage (Elf:2)
  4 deep elf archers
  An ugly thing (Depths:3)
  A naga mage (Snake:4)
  15 yaktaurs
  A centaur (Depths:2)
  A scorpion (D:4)
  A worker ant zombie (D:10)
  A worm (D:4)
  2 orcs
  3 jackals
  A ball python (D:4)
  A crawling corpse (Vaults:5)
  4 fungi
  25 plants
  6 snaplasher vines
86 creatures vanquished.

Grand Total: 2556 creatures vanquished

Notes
Turn   | Place    | Note
-------+----------+-------------------------------------------
     0 | D:1      | Thantalas the Gnoll Fighter began the quest for the Orb.
     0 | D:1      | Reached XP level 1. HP: 23/23 MP: 1/1
   120 | D:1      | Reached XP level 2. HP: 29/29 MP: 2/2
   547 | D:1      | Found a bloodstained altar of Trog.
   557 | D:1      | Found a hazy altar of Hepliaklqana.
   557 | D:1      | Found a bloodstained altar of Trog.
   560 | D:1      | Found a shimmering altar of Xom.
   560 | D:1      | Found a white marble altar of Elyvilon.
   560 | D:1      | Found a white marble altar of Elyvilon.
   861 | D:2      | Reached XP level 3. HP: 35/35 MP: 3/3
  1256 | D:2      | Reached skill level 1 in Invocations
  1386 | D:3      | Reached skill level 1 in Short Blades
  1386 | D:3      | Reached skill level 1 in Long Blades
  1386 | D:3      | Reached skill level 1 in Axes
  1386 | D:3      | Reached skill level 1 in Maces & Flails
  1386 | D:3      | Reached skill level 1 in Staves
  1386 | D:3      | Reached skill level 1 in Slings
  1386 | D:3      | Reached skill level 1 in Bows
  1386 | D:3      | Reached skill level 1 in Crossbows
  1386 | D:3      | Reached skill level 1 in Throwing
  1386 | D:3      | Reached skill level 1 in Dodging
  1386 | D:3      | Reached skill level 1 in Stealth
  1386 | D:3      | Reached skill level 1 in Unarmed Combat
  1386 | D:3      | Reached skill level 1 in Spellcasting
  1386 | D:3      | Reached skill level 1 in Evocations
  1386 | D:3      | Reached XP level 4. HP: 35/41 MP: 5/5
  1941 | D:4      | Reached skill level 1 in Conjurations
  1941 | D:4      | Reached skill level 1 in Hexes
  1941 | D:4      | Reached skill level 1 in Charms
  1941 | D:4      | Reached skill level 1 in Summonings
  1941 | D:4      | Reached skill level 1 in Necromancy
  1941 | D:4      | Reached skill level 1 in Translocations
  1941 | D:4      | Reached skill level 1 in Transmutations
  1941 | D:4      | Reached skill level 1 in Fire Magic
  1941 | D:4      | Reached skill level 1 in Ice Magic
  1941 | D:4      | Reached skill level 1 in Air Magic
  1941 | D:4      | Reached skill level 1 in Earth Magic
  1941 | D:4      | Reached skill level 1 in Poison Magic
  1970 | D:4      | Found Vixuja's Jewellery Shoppe.
  2034 | D:4      | Noticed a slave
  2035 | D:4      | Noticed a slave
  2035 | D:4      | Noticed Pikel
  2037 | D:4      | Noticed a slave
  2050 | D:4      | Reached XP level 5. HP: 38/47 MP: 5/7
  2059 | D:4      | Noticed a slave
  2063 | D:4      | Killed Pikel
  2063 | D:4      | Reached skill level 5 in Polearms
  2063 | D:4      | Reached XP level 6. HP: 23/55 MP: 6/9
  2063 | D:4      | Reached XP level 7. HP: 25/60 MP: 6/10
  2378 | D:4      | You fall into a shaft and drop 1 floor!
  2378 | D:5      | Entered Level 5 of the Dungeon
  2586 | D:5      | Reached XP level 8. HP: 64/67 MP: 12/12
  3130 | D:5      | Noticed a two-headed ogre
  3146 | D:5      | Killed a two-headed ogre
  3146 | D:5      | Reached XP level 9. HP: 22/73 MP: 12/14
  3398 | D:5      | Found a staircase to the Ecumenical Temple.
  3410 | Temple   | Entered the Ecumenical Temple
  3423 | Temple   | Became a worshipper of Cheibriados the Contemplative
  3729 | D:5      | Found a runed translucent door.
  3746 | D:5      | Noticed Crazy Yiuf
  3757 | D:5      | Killed Crazy Yiuf
  4344 | D:6      | Found a glowing silver altar of Zin.
  4470 | D:6      | Reached * piety under Cheibriados
  5393 | D:7      | Got a transparent plate armour
  5411 | D:7      | Identified the +7 plate armour of Context {*Corrode rPois
                  | rF++ rC+} (You found it on level 7 of the Dungeon)
  5550 | D:7      | Reached ** piety under Cheibriados
  5577 | D:7      | Got a pair of fine boots
  5583 | D:7      | Identified the cursed +0 pair of boots "Kiaral" {MR+ Str-3
                  | Stlth+} (You found it on level 7 of the Dungeon)
  5695 | D:7      | Reached skill level 5 in Invocations
  6175 | D:8      | Reached XP level 10. HP: 80/80 MP: 15/17
  6207 | D:8      | Reached *** piety under Cheibriados
  6517 | D:7      | Reached skill level 5 in Short Blades
  6517 | D:7      | Reached skill level 5 in Long Blades
  6517 | D:7      | Reached skill level 5 in Axes
  6517 | D:7      | Reached skill level 5 in Maces & Flails
  6517 | D:7      | Reached skill level 5 in Staves
  6517 | D:7      | Reached skill level 5 in Slings
  6517 | D:7      | Reached skill level 5 in Bows
  6517 | D:7      | Reached skill level 5 in Crossbows
  6517 | D:7      | Reached skill level 5 in Throwing
  6517 | D:7      | Reached skill level 5 in Dodging
  6517 | D:7      | Reached skill level 5 in Stealth
  6517 | D:7      | Reached skill level 5 in Unarmed Combat
  6517 | D:7      | Reached skill level 5 in Spellcasting
  6517 | D:7      | Reached skill level 5 in Evocations
  7009 | D:7      | Reached **** piety under Cheibriados
  7062 | D:8      | Found a staircase to the Lair.
  7108 | D:8      | Found a shimmering altar of Xom.
  7600 | D:8      | Identified a scroll of acquirement
  7724 | D:9      | Noticed Maurice
  7736 | D:9      | Killed Maurice
  8417 | D:9      | Noticed a two-headed ogre
  8425 | D:9      | Killed a two-headed ogre
  8425 | D:9      | Reached XP level 11. HP: 69/87 MP: 19/19
  8658 | D:9      | Reached ***** piety under Cheibriados
  8957 | D:10     | Entered Level 10 of the Dungeon
  9040 | D:10     | Noticed a two-headed ogre
  9053 | D:10     | Killed a two-headed ogre
  9056 | D:10     | Identified the +8 mace "Jaegyriw" {crush, *Corrode rF++
                  | Dex+4 Stlth+}
  9056 | D:10     | Noticed a centaur warrior
  9063 | D:10     | Reached skill level 5 in Conjurations
  9063 | D:10     | Reached skill level 5 in Hexes
  9063 | D:10     | Reached skill level 5 in Charms
  9063 | D:10     | Reached skill level 5 in Summonings
  9063 | D:10     | Reached skill level 5 in Necromancy
  9063 | D:10     | Reached skill level 5 in Translocations
  9063 | D:10     | Reached skill level 5 in Transmutations
  9063 | D:10     | Reached skill level 5 in Fire Magic
  9063 | D:10     | Reached skill level 5 in Ice Magic
  9063 | D:10     | Reached skill level 5 in Air Magic
  9063 | D:10     | Reached skill level 5 in Earth Magic
  9063 | D:10     | Reached skill level 5 in Poison Magic
  9071 | D:10     | Noticed an orc knight
  9077 | D:10     | Killed a centaur warrior
  9096 | D:10     | Noticed a deep elf mage
  9102 | D:10     | Killed an orc knight
  9117 | D:10     | Killed a deep elf mage
  9878 | D:10     | Found a hide-covered altar of Uskayaw.
 10328 | D:10     | Noticed a deep troll earth mage
 10332 | D:10     | Killed a deep troll earth mage
 10779 | D:11     | Reached XP level 12. HP: 96/96 MP: 22/22
 10958 | D:11     | Reached ****** piety under Cheibriados
 11122 | D:11     | Found Lacsynge's Food Boutique.
 11286 | D:11     | Found Iffutit's Food Boutique.
 11286 | D:11     | Found Irpheerugh's Gadget Shop.
 11459 | Lair:1   | Entered Level 1 of the Lair of Beasts
 11467 | Lair:1   | Learned a level 3 spell: Regeneration
 11473 | Lair:1   | Learned a level 5 spell: Borgnjor's Vile Clutch
 12768 | Lair:2   | Reached skill level 10 in Fighting
 12768 | Lair:2   | Reached skill level 10 in Armour
 12768 | Lair:2   | Reached skill level 10 in Shields
 12788 | Lair:2   | Noticed Nergalle
 12801 | Lair:2   | Killed Nergalle
 12806 | Lair:2   | Noticed an eight-headed hydra
 12826 | Lair:2   | Killed an eight-headed hydra
 12829 | Lair:2   | Found a staircase to the Snake Pit.
 13117 | Lair:2   | Reached XP level 13. HP: 103/103 MP: 24/24
 14174 | Lair:3   | Found a dark tunnel.
 14185 | Volcano  | Entered a volcano
 15735 | Lair:3   | Found a transporter.
 15737 | Lair:3   | Noticed Fuxod's ghost (journeyman GnWn)
 16082 | Lair:3   | Found a transporter.
 16388 | Lair:3   | Killed Fuxod's ghost
 16396 | Lair:3   | Got a steaming cloak
 16398 | Lair:3   | Got a scorched wooden ring
 16432 | Lair:3   | Identified the cursed +0 cloak of the Hippo {Str+4} (You
                  | found it on level 3 of the Lair of Beasts)
 16434 | Lair:3   | Identified the ring of the Duke {Fire rElec rN+ Slay-4}
                  | (You found it on level 3 of the Lair of Beasts)
 16457 | Lair:4   | Found a sparkling altar of Nemelex Xobeh.
 16773 | Lair:4   | Learned a level 4 spell: Summon Lightning Spire
 17246 | Lair:4   | Found a staircase to the Swamp.
 17421 | Lair:4   | Reached XP level 14. HP: 92/111 MP: 26/26
 18062 | Lair:5   | Reached skill level 10 in Polearms
 18111 | Lair:5   | Got a faintly glowing shortbow
 18112 | Lair:5   | Identified the cursed +3 shortbow of Doschocw {freeze, rF+
                  | MR+ Int-3 Dex+8} (You found it on level 5 of the Lair of
                  | Beasts)
 19345 | Lair:5   | Found a runed translucent door.
 19348 | Lair:5   | Found a viscous altar of Jiyva.
 19376 | Lair:5   | Found a staircase to the Slime Pits.
 19587 | Lair:6   | Entered Level 6 of the Lair of Beasts
 19714 | Lair:6   | Found a frozen archway.
 19721 | IceCv    | Entered an ice cave
 19774 | IceCv    | Reached skill level 10 in Invocations
 21312 | Lair:6   | Reached XP level 15. HP: 119/119 MP: 28/28
 22149 | D:12     | Noticed Naggiasi's ghost (journeyman KoAs)
 22317 | D:12     | Found a staircase to the Orcish Mines.
 22391 | D:12     | Got a wavering steel ring
 22392 | D:12     | Identified the ring of Hasiesah {rF+ Int+2} (You acquired
                  | it on level 12 of the Dungeon)
 22515 | D:12     | Found a runed translucent gate.
 22516 | D:12     | Found a runed translucent gate.
 22517 | D:12     | Found a runed translucent gate.
 22841 | D:12     | Killed Naggiasi's ghost
 22912 | D:13     | Found a large runed translucent door.
 22912 | D:13     | Found a large runed translucent door.
 23065 | D:13     | Noticed Buchaag's ghost (novice MiMo)
 23066 | D:13     | Found the +8 autumn katana {slice, Clar}
 23374 | D:13     | Killed Buchaag's ghost
 23374 | D:13     | Reached skill level 10 in Short Blades
 23374 | D:13     | Reached skill level 10 in Long Blades
 23374 | D:13     | Reached skill level 10 in Axes
 23374 | D:13     | Reached skill level 10 in Maces & Flails
 23374 | D:13     | Reached skill level 10 in Staves
 23374 | D:13     | Reached skill level 10 in Slings
 23374 | D:13     | Reached skill level 10 in Bows
 23374 | D:13     | Reached skill level 10 in Crossbows
 23374 | D:13     | Reached skill level 10 in Throwing
 23374 | D:13     | Reached skill level 10 in Dodging
 23374 | D:13     | Reached skill level 10 in Stealth
 23374 | D:13     | Reached skill level 10 in Unarmed Combat
 23374 | D:13     | Reached skill level 10 in Spellcasting
 23374 | D:13     | Reached skill level 10 in Evocations
 24117 | D:14     | Found a gate to the Vaults.
 24288 | D:15     | Entered Level 15 of the Dungeon
 24432 | D:15     | Found a shadowy altar of Dithmenos.
 24481 | D:15     | Reached XP level 16. HP: 127/127 MP: 30/30
 24862 | D:15     | Found a staircase to the Depths.
 25318 | Swamp:1  | Entered Level 1 of the Swamp
 26197 | Swamp:2  | Got a bloodstained quarterstaff
 26204 | Swamp:2  | Identified the +4 quarterstaff "Noem" {protect, +Inv Str+4}
                  | (You found it on level 2 of the Swamp)
 26205 | Swamp:2  | Upgraded the game from 0.24.0-10-g970556be89 to
                  | 0.24.0-13-gcf9b3192b9
 27619 | D:4      | Bought the ring "Pyaduv" {rPois rN++ MR+++ Slay+5 SInv} for
                  | 1906 gold pieces
 28226 | Snake:1  | Entered Level 1 of the Snake Pit
 28396 | Snake:1  | Reached XP level 17. HP: 129/135 MP: 25/32
 28401 | Snake:1  | Found Zaosiot's Antique Armour Shoppe.
 28401 | Snake:1  | Found Odyir's Food Emporium.
 28404 | Snake:1  | Found Lobuv's Jewellery Shoppe.
 28407 | Snake:1  | Found Yttiev's Distillery.
 28490 | Snake:1  | Found Fotiemick's Distillery.
 29186 | Snake:2  | Found Detam's Antique Armour Shoppe.
 29709 | Snake:1  | Bought an ancient scale mail for 252 gold pieces
 29709 | Snake:1  | Identified the +1 scale mail "Ibir" {rN+ rCorr Slay-6
                  | Stlth+} (You bought it in a shop on level 1 of the Snake
                  | Pit)
 29739 | Snake:2  | Got a scorched ring mail
 29740 | Snake:2  | Identified the cursed +1 ring mail "Zomyorr" {rPois} (You
                  | found it on level 2 of the Snake Pit)
 29966 | Snake:2  | Noticed Donald
 29973 | Snake:2  | Killed Donald
 30160 | Snake:3  | Noticed Vashnia
 30160 | Snake:3  | Noticed Nikola
 30413 | Snake:3  | Killed Nikola
 30418 | Snake:3  | Noticed Aizul
 30424 | Snake:3  | Killed Aizul
 30460 | Snake:3  | Killed Vashnia
 31008 | Snake:4  | Entered Level 4 of the Snake Pit
 31254 | Orc:1    | Entered Level 1 of the Orcish Mines
 31254 | Orc:1    | Noticed Fannar
 31262 | Orc:1    | Killed Fannar
 31294 | Orc:1    | Reached skill level 10 in Conjurations
 31294 | Orc:1    | Reached skill level 10 in Hexes
 31294 | Orc:1    | Reached skill level 10 in Charms
 31294 | Orc:1    | Reached skill level 10 in Summonings
 31294 | Orc:1    | Reached skill level 10 in Necromancy
 31294 | Orc:1    | Reached skill level 10 in Translocations
 31294 | Orc:1    | Reached skill level 10 in Transmutations
 31294 | Orc:1    | Reached skill level 10 in Fire Magic
 31294 | Orc:1    | Reached skill level 10 in Ice Magic
 31294 | Orc:1    | Reached skill level 10 in Air Magic
 31294 | Orc:1    | Reached skill level 10 in Earth Magic
 31294 | Orc:1    | Reached skill level 10 in Poison Magic
 31490 | Orc:2    | Entered Level 2 of the Orcish Mines
 31500 | Orc:2    | Found a staircase to the Elven Halls.
 31551 | Orc:2    | Reached XP level 18. HP: 141/143 MP: 23/33
 31720 | Orc:2    | Noticed Rupert
 31730 | Orc:2    | Killed Rupert
 32332 | Snake:1  | Bought a +6 amulet of reflection for 936 gold pieces
 32867 | Orc:2    | Found Daprafog's Magic Scroll Shop.
 32867 | Orc:2    | Found Oqosybbi's Antique Armour Shoppe.
 32869 | Orc:2    | Found Adedghab's Jewellery Shop.
 32869 | Orc:2    | Found Obuv's Antique Armour Shoppe.
 33041 | Elf:1    | Entered Level 1 of the Elven Halls
 33077 | Elf:1    | Found a radiant altar of Vehumet.
 33357 | Elf:1    | Identified Lyhempor's Grimoire of Confrontation
 34533 | Elf:2    | Found a runed translucent door.
 34555 | Elf:2    | Found a runed translucent door.
 34626 | Elf:2    | Reached XP level 19. HP: 151/151 MP: 27/35
 35310 | Swamp:4  | Entered Level 4 of the Swamp
 35630 | Swamp:4  | Noticed Bai Suzhen
 35650 | Swamp:4  | Killed Bai Suzhen
 35786 | Swamp:4  | Noticed a bone dragon
 35802 | Swamp:4  | Killed a bone dragon
 36142 | Swamp:4  | Noticed Mara
 36148 | Swamp:4  | Killed Mara
 36420 | Swamp:4  | Got a decaying rune of Zot
 37291 | Snake:4  | Reached XP level 20. HP: 111/158 MP: 21/36
 37989 | Snake:4  | Got a serpentine rune of Zot
 38316 | Vaults:1 | Entered Level 1 of the Vaults
 38586 | Vaults:1 | Found Sianeem's Antique Weapon Shop.
 38600 | Vaults:1 | Got an ichor-stained leather armour
 39377 | Vaults:1 | Identified the +3 leather armour "Ohaaheca" {rPois rN+
                  | Stlth+} (You found it on level 1 of the Vaults)
 39465 | Vaults:2 | Noticed Boris
 39474 | Vaults:2 | Killed Boris
 39501 | Vaults:2 | Found a magical portal.
 39722 | WizLab   | Got a pitted sapphire amulet
 39732 | WizLab   | Identified the amulet "Xysityl" {Acrobat *Slow rF+ MP+9}
                  | (You found it in a wizard's laboratory)
 40311 | WizLab   | Identified the Reference Book on Transmigration
 40313 | WizLab   | Identified Cigotuvi's Compendium of Lethal Transmigration
 40322 | WizLab   | Learned a level 6 spell: Statue Form
 40619 | Vaults:2 | Noticed Asterion
 40635 | Vaults:2 | Killed Asterion
 40675 | Vaults:2 | Reached XP level 21. HP: 166/166 MP: 31/38
 40823 | Vaults:2 | Found a large runed translucent door.
 40823 | Vaults:2 | Found a large runed translucent door.
 40823 | Vaults:2 | Found a large runed translucent door.
 40823 | Vaults:2 | Found a large runed translucent door.
 40823 | Vaults:2 | Found a large runed translucent door.
 40823 | Vaults:2 | Found a large runed translucent door.
 40823 | Vaults:2 | Found a large runed translucent door.
 40823 | Vaults:2 | Found a large runed translucent door.
 40823 | Vaults:2 | Noticed Johnny's ghost (adept TrBe)
 40938 | Vaults:2 | Noticed Mennas
 40967 | Vaults:2 | Killed Mennas
 41256 | Vaults:2 | Killed Johnny's ghost
 41588 | Orc:2    | Bought the +0 mask of the Dragon {MR+ Slay+3 SInv} for 868
                  | gold pieces
 41588 | Orc:2    | Found the +0 mask of the Dragon {MR+ Slay+3 SInv}
 41853 | Vaults:3 | Found Girph's Jewellery Boutique.
 42125 | Vaults:3 | Reached skill level 15 in Fighting
 42125 | Vaults:3 | Reached skill level 15 in Armour
 42125 | Vaults:3 | Reached skill level 15 in Shields
 42226 | Vaults:3 | Learned a level 5 spell: Summon Forest
 42335 | Vaults:3 | Reached skill level 15 in Invocations
 42577 | Vaults:3 | Noticed a bone dragon
 42590 | Vaults:3 | Killed a bone dragon
 42595 | Vaults:3 | Found a staircase to the Crypt.
 43177 | Vaults:4 | Noticed Saint Roka
 43193 | Vaults:4 | Killed Saint Roka
 43207 | Vaults:4 | Reached XP level 22. HP: 159/175 MP: 40/40
 44257 | Crypt:1  | Entered Level 1 of the Crypt
 44408 | Crypt:1  | Got a polished ring mail
 44411 | Crypt:1  | Identified the cursed +1 ring mail of the Moon {+Inv rF+
                  | rN++ rCorr} (You found it on level 1 of the Crypt)
 44728 | Crypt:2  | Reached skill level 15 in Polearms
 44784 | Crypt:2  | Found a runed translucent gate.
 44784 | Crypt:2  | Found a runed translucent gate.
 44784 | Crypt:2  | Found a runed translucent gate.
 44786 | Crypt:2  | Noticed Jetyrhek's ghost (veteran GrEE)
 44800 | Crypt:2  | Killed Jetyrhek's ghost
 44970 | Crypt:2  | Found an ancient bone altar of Kikubaaqudgha.
 45107 | Crypt:2  | Noticed Boris
 45118 | Crypt:2  | Killed Boris
 45396 | Crypt:3  | Entered Level 3 of the Crypt
 45678 | Crypt:3  | Identified the Volume of the Congealing Traveller
 45680 | Crypt:3  | Identified the Reference Book on Darkness
 45683 | Crypt:3  | Got a clouded steel amulet
 45683 | Crypt:3  | Got a fine turquoise ring
 45686 | Crypt:3  | Identified the amulet of Xoptev {+Fly Regen+ Dex+4} (You
                  | found it on level 3 of the Crypt)
 45687 | Crypt:3  | Identified the ring of Springtime {rElec rN+ Str+3 Int-3}
                  | (You found it on level 3 of the Crypt)
 45887 | Crypt:3  | Reached XP level 23. HP: 183/183 MP: 35/41
 46053 | Crypt:3  | Got a fine marble ring
 46155 | Crypt:3  | Identified the cursed ring "Viqum" {rF+ Int-3} (You found
                  | it on level 3 of the Crypt)
 46671 | D:4      | Bought the ring "Diragg" {*Corrode +Blink EV+1 Int+2
                  | Slay+5} for 512 gold pieces
 47275 | Crypt:3  | Got a steaming tin ring
 47276 | Crypt:3  | Identified the ring of Ciffel {rF+ rN++} (You found it on
                  | level 3 of the Crypt)
 47411 | Crypt:3  | Found a staircase to the Tomb.
 47463 | Crypt:3  | Identified the Compendium of Ensnaring Intoxication
 48226 | Elf:3    | Entered Level 3 of the Elven Halls
 48355 | Elf:3    | Found Vexa's Gadget Shop.
 48359 | Elf:3    | Found Efoc's Food Boutique.
 48360 | Elf:3    | Found Xyhu's Weapon Shop.
 48477 | Elf:3    | Reached skill level 15 in Short Blades
 48477 | Elf:3    | Reached skill level 15 in Long Blades
 48477 | Elf:3    | Reached skill level 15 in Axes
 48477 | Elf:3    | Reached skill level 15 in Maces & Flails
 48477 | Elf:3    | Reached skill level 15 in Staves
 48477 | Elf:3    | Reached skill level 15 in Slings
 48477 | Elf:3    | Reached skill level 15 in Bows
 48477 | Elf:3    | Reached skill level 15 in Crossbows
 48477 | Elf:3    | Reached skill level 15 in Throwing
 48477 | Elf:3    | Reached skill level 15 in Dodging
 48477 | Elf:3    | Reached skill level 15 in Stealth
 48477 | Elf:3    | Reached skill level 15 in Unarmed Combat
 48477 | Elf:3    | Reached skill level 15 in Spellcasting
 48477 | Elf:3    | Reached skill level 15 in Evocations
 48482 | Elf:3    | Identified the +1 war axe "Kadaopp" {distort, +Inv Stlth+}
 48486 | Elf:3    | Identified the ring "Dikyifogg" {Int+3 Stlth+}
 48497 | Elf:3    | Identified the cursed +3 spear of Raifuk {freeze, *Noise
                  | rPois rF+ Dex+4}
 48513 | Elf:3    | Identified the ring "Oxaatogh" {rC+ EV+1}
 48554 | Elf:3    | Identified the cursed +0 leather armour of the Solstice
                  | {rF+ MR- rCorr SInv}
 48563 | Elf:3    | Identified the ring of Jedwuiddeg {rElec rPois Slay+2}
 48567 | Elf:3    | Identified the ring "Parhonwo" {-Tele rC+ rN+ MR+ Dex+3}
 49595 | Elf:3    | Got an iridescent longbow
 49599 | Elf:3    | Got an ichor-stained plate armour
 49606 | Elf:3    | Identified the +9 longbow "Ymegechu" {venom, rF++ Int+3}
                  | (You found it on level 3 of the Elven Halls)
 49607 | Elf:3    | Identified the +4 plate armour of Daisies {rElec Str+8
                  | Dex-4 Stlth+} (You found it on level 3 of the Elven Halls)
 50117 | Depths:1 | Entered Level 1 of the Depths
 50235 | Depths:1 | Found a gateway to Hell.
 50594 | Depths:2 | Reached XP level 24. HP: 191/191 MP: 31/42
 51251 | Snake:1  | Bought gold dragon scales for 2240 gold pieces
 51611 | Depths:2 | Found a one-way gate leading to the halls of Pandemonium.
 51777 | Depths:2 | Got a faintly glowing hat
 51780 | Depths:2 | Identified the cursed +0 hat "Baceumiw" {Int+3} (You found
                  | it on level 2 of the Depths)
 51982 | Depths:2 | Found a one-way gate to the infinite horrors of the Abyss.
 52430 | Depths:3 | Found Piegeuwo's Gadget Emporium.
 52431 | Depths:3 | Found Mumeet's Jewellery Shop.
 52432 | Depths:3 | Found Fesost Xuad's Gadget Emporium.
 53519 | Depths:4 | Reached XP level 25. HP: 190/200 MP: 9/42
 53928 | Depths:4 | Found Laetaes's Changing Room.
 53984 | Depths:4 | Found Tatoes's Mass Market.
 54066 | Depths:4 | Found a corrupted altar of Lugonu.
 54145 | Depths:4 | Identified the Disquisition on Snow
 54790 | Depths:4 | Learned a level 1 spell: Apportation
 54838 | Depths:5 | Entered Level 5 of the Depths
 54884 | Depths:5 | Found a gateway to a ziggurat.
 54884 | Depths:5 | Noticed an ancient lich
 54894 | Depths:5 | Killed an ancient lich
 55251 | Depths:5 | Noticed Jory
 55272 | Depths:5 | Killed Jory
 55646 | Depths:5 | Found a gate to the Realm of Zot.
 56071 | Vaults:5 | Entered Level 5 of the Vaults
 56084 | Vaults:4 | Learned a level 8 spell: Ignition
 56092 | Vaults:4 | Learned a level 7 spell: Malign Gateway
 56110 | Vaults:5 | Reached XP level 26. HP: 208/208 MP: 19/43
 56314 | Vaults:5 | Noticed an ancient lich
 56324 | Vaults:5 | Killed an ancient lich
 56334 | Vaults:5 | Identified the cursed +1 trident of the Puffin {venom,
                  | rPois rF- Str+2 SInv}
 56358 | Vaults:5 | Identified the +5 scythe "Newtslayer" {slice, rElec}
 56363 | Vaults:5 | Noticed Margery
 56369 | Vaults:5 | Killed Margery
 56491 | Vaults:5 | Got a silver rune of Zot
 56493 | Vaults:5 | Identified the Almanac of Calling and Flames
 56497 | Vaults:5 | Learned a level 1 spell: Summon Butterflies
 56505 | Vaults:5 | Learned a level 7 spell: Ring of Flames
 56683 | Vaults:5 | Noticed Xtahua
 56688 | Vaults:5 | Killed Xtahua
 56952 | Vaults:5 | Noticed an ancient lich
 56956 | Vaults:5 | Killed an ancient lich
 58085 | Zot:1    | Entered Level 1 of the Realm of Zot
 58125 | Zot:1    | Reached XP level 27. HP: 65/217 MP: 4/43
 59337 | Zot:1    | Learned a level 8 spell: Necromutation
 60061 | Zot:2    | Reached skill level 15 in Conjurations
 60061 | Zot:2    | Reached skill level 15 in Hexes
 60061 | Zot:2    | Reached skill level 15 in Charms
 60061 | Zot:2    | Reached skill level 15 in Summonings
 60061 | Zot:2    | Reached skill level 15 in Necromancy
 60061 | Zot:2    | Reached skill level 15 in Translocations
 60061 | Zot:2    | Reached skill level 15 in Transmutations
 60061 | Zot:2    | Reached skill level 15 in Fire Magic
 60061 | Zot:2    | Reached skill level 15 in Ice Magic
 60061 | Zot:2    | Reached skill level 15 in Air Magic
 60061 | Zot:2    | Reached skill level 15 in Earth Magic
 60061 | Zot:2    | Reached skill level 15 in Poison Magic
 63392 | Zot:5    | Entered Level 5 of the Realm of Zot
 63988 | Zot:5    | Noticed an ancient lich
 63995 | Zot:5    | Killed an ancient lich
 64022 | Zot:5    | Noticed an orb of fire
 64023 | Zot:5    | Noticed an orb of fire
 64034 | Zot:5    | Killed an orb of fire
 64034 | Zot:5    | Noticed a juggernaut
 64034 | Zot:5    | a Killer Klown changed into a juggernaut
 64041 | Zot:5    | Noticed an orb of fire
 64042 | Zot:5    | Noticed an orb of fire
 64044 | Zot:5    | Gained mutation: Scrolls take you a little longer to read.
                  | [an orb of fire]
 64045 | Zot:5    | Gained mutation: Scrolls take you longer to read. [an orb
                  | of fire]
 64048 | Zot:5    | HP: 5/286 [orb of fire/fireball (25)]
 64048 | Zot:5    | Gained mutation: Scrolls take you much longer to read. [an
                  | orb of fire]
 64049 | Zot:5    | Killed from afar by an orb of fire

Levels and vault maps discovered:
D:1:      sevenhm_arrival_forest_fort_large_4, layout_loops_ring,
          doesnt_xom_only_xom
D:2:      layout_basic, minmay_misc_feat_square
D:3:      layout_rooms, first_ration, minmay_statues_item
D:4:      layout_cave_pools, serial_shops, nicolae_shop_crystal,
          minmay_fractal_squares_5, uniq_pikel
D:5:      cheibrodos_iron_armory, layout_cave_pods,
          minmay_temple_entry_crystal_x, minmay_misc_feat_hallway,
          uniq_crazy_yiuf_cottage
D:6:      layout_gridville, basic_altar
D:7:      layout_loops_cross
D:8:      layout_basic, lemuel_doored_altar, erik_lair_orcish_takeover,
          kennysheep_minor_cross, hangedman_pestilent_swarm
D:9:      layout_layer_cave, uniq_maurice
D:10:     minmay_the_grid_triangle_9x9_recursive_2_mashed
          [minmay_the_grid_triangle_9x9_prize_schism,
          minmay_the_grid_triangle_9x9_minimal,
          minmay_the_grid_triangle_9x9_steps,
          minmay_the_grid_triangle_9x9_windchime], layout_basic, basic_altar,
          minmay_three_doors
D:11:     layout_basic, serial_shops, kennysheep_little_box, nicolae_shop_stone,
          shop_fountains
D:12:     layout_loops_ring, erik_orc_3, maelrawn_ghost_gauntlet_escape
D:13:     layout_basic, ebering_ghost_disaster_area
D:14:     layout_basic, david_vaults_4, minmay_misc_feat_plants, serial_rivers,
          chequers_serial_rivers_large_a, chequers_serial_rivers_micro_b,
          chequers_serial_rivers_micro_d, chequers_serial_rivers_micro_e,
          chequers_serial_rivers_micro_e, chequers_serial_rivers_marsh
D:15:     grunt_enter_depths_snipers, layout_loops_ring,
          nicolae_dithmenos_shadow_blocks, minivault_8
Temple:   compressed_dpeg_circular_temple
Lair:1:   layout_layer_cave, serial_bayou_pond_c, grunt_megastairs_5,
          minmay_lair_oklob_chamber, lemuel_fruit_fields
Lair:2:   layout_layer_cave, guppyfry_snake_entry_island, lemuel_fruit_tree,
          uniq_nergalle
Lair:3:   layout_roguey, gammafunk_ghost_berserking_beasts,
          nicolae_volcano_entry_batcave, roderic_batcave
Lair:4:   kb_forest_paths, layout_gridlike, nicolae_swamp_entry_splash_gauntlet,
          basic_altar
Lair:5:   minmay_lair_oklob_tunnel, layout_long_grid, slime_altar_2
Lair:6:   gammafunk_lair_ancient_temple, layout_gridlike, portal_ice_cave_rime,
          serial_bayou_shore_b
Swamp:1:  layout_basic_swamp, evilmike_swamp_ruin_house_5, swamp_pool5
Swamp:2:  layout_basic_swamp, hangedman_swamp_ruin_wall
Swamp:3:  layout_basic_swamp, serial_swamp_ruin, evilmike_swamp_ruin_house_2,
          evilmike_swamp_ruin_rubble_1, swamp_pool1, st_swamp_mini
Swamp:4:  swamp_pestilence, layout_basic_swamp, swamp_pool5,
          infiniplex_staircase_pool_2, uniq_mara, uniq_bai_suzhen
Snake:1:  layout_honeycomb, serial_shops, shop, minmay_shoptagon
Snake:2:  cheibrodos_snake_lava_hold, layout_cave_town, serial_shops, shop,
          grunt_megastairs_3, uniq_donald
Snake:3:  layout_onion_interference, drop_trap, uniq_vashnia, uniq_aizul,
          uniq_nikola
Snake:4:  minmay_snake_end_coiled, layout_concentric_octagons, special_room,
          drop_trap
Orc:1:    layout_caves, uniq_fannar
Orc:2:    grunt_orc_tribal_feast, layout_caves, uniq_rupert
Elf:1:    eino_elf_arrival_altar, layout_gridlike, minmay_elf_annihilation,
          minivault_25, nicolae_elf_v_pinch
Elf:2:    layout_gridlike
Elf:3:    minmay_elf_hall_furrowed, layout_onion_city, minmay_shop_star
Vaults:1: hangedman_vaults_nails, vaults_room_corners, nicolae_vaults_triangles,
          ontoclasm_vaults_shuriken, hangedman_vaults_river_flow, v_misc_3,
          nicolae_vaults_network_barrier, vaults_room_pool,
          layout_vaults_omnigrid, serial_shops, shop
Vaults:2: advil_vaults_ghost_lines, v_misc_15, vaults_room_octagon,
          nicolae_vaults_mini_display_case, hangedman_vaults_snaps,
          nicolae_vaults_display_case, ontoclasm_vaults_misaligned, v_misc_10,
          layout_vaults_omnibox, mu_enter_wizlab_7, uniq_boris, uniq_asterion,
          uniq_mennas
Vaults:3: minmay_crypt_entry_nasty_monster, vaults_room_guarded_vault,
          hangedman_vaults_impose, hangedman_vaults_maws, vaults_room_boxed,
          vaults_room_stairs_pillars, nicolae_vaults_ring_of_whatevers,
          ontoclasm_vaults_ligature, ontoclasm_vaults_chip,
          ontoclasm_vaults_chip, vaults_dpeg_cross, layout_vaults_omnicross,
          serial_shops, nicolae_shop_crystal
Vaults:4: v_pattern_3, nicolae_vaults_murderbox, hangedman_vaults_stitches,
          v_alt_pattern_4, hangedman_vaults_locks, v_misc_2,
          dpeg_vaults_monster_box, layout_vaults_ring, uniq_saint_roka
Vaults:5: serial_shops, uniq_xtahua, uniq_margery
Crypt:1:  layout_basic, library_closet, grunt_crypt_arrival_webbed
Crypt:2:  cheibrodos_crypt_eye_of_stone, layout_rooms, gammafunk_ghost_spectres,
          minivault_11, minivault_19
Crypt:3:  quadcrypt_mu
Depths:1: layout_roguey, pf_dread_powers_of_hell,
          chequers_serial_rivers_micro_d, minmay_misc_feat_x,
          kennysheep_generic_room_3
Depths:2: hangedman_cross_stitches, layout_cave_pools, hell_entry, pan_entry,
          abyss_entry, nrook_pool_corridor, hangedman_glass_garden,
          hangedman_aviary, infiniplex_staircase_trident
Depths:3: evilmike_marble_ring, layout_cave_pools, minmay_room_of_horrors,
          pan_entry, hell_entry, infiniplex_staircase_zigzag_3,
          minmay_shop_grove
Depths:4: lemuel_troll_bridge, layout_gridlike, hellmouth_1,
          abyss_entry_flame_altar, grunt_decor_resistance,
          nicolae_transmutations_shop, minmay_shop_mass,
          hangedman_research_thermodynamics
Depths:5: grunt_zot_entry_gee_three, layout_cave_shapes, enter_ziggurat_c,
          minmay_misc_feat_four_crosses, hell_entry, pan_entry,
          serial_sigils_hangedman_gut, nicolae_two_hexagons, ldierk_geyser,
          uniq_jory
Zot:1:    lemuel_draconian_sentries_small, layout_basic
Zot:2:    kennysheep_ambush_hall, layout_onion, kennysheep_underground_church
Zot:3:    layout_onion
Zot:4:    layout_onion_interference
Zot:5:    layout_misc_corridors, st_stairs_8, lemuel_baited_zot_trap

Skill      XL: |  1  2  3  4  5  6  7  8  9 10 11 12 13 14 15 16 17 18 19 20 21 22 23 24 25 26 27 |
---------------+----------------------------------------------------------------------------------+-----
Invocations    | 1 2 3 4 5 6 7 8 9 10 11 12 13 14 15 16 17 18 19 | 19.4
Short Blades   | 1 2 3 4 5 6 7 8 9 10 11 12 13 14 15 16 18 | 18.1
Long Blades    | 1 2 3 4 5 6 7 8 9 10 11 12 13 14 15 16 18 | 18.1
Axes           | 1 2 3 4 5 6 7 8 9 10 11 12 13 14 15 16 18 | 18.1
Maces & Flails | 1 2 3 4 5 6 7 8 9 10 11 12 13 14 15 16 18 | 18.1
Staves         | 1 2 3 4 5 6 7 8 9 10 11 12 13 14 15 16 18 | 18.1
Slings         | 1 2 3 4 5 6 7 8 9 10 11 12 13 14 15 16 18 | 18.1
Bows           | 1 2 3 4 5 6 7 8 9 10 11 12 13 14 15 16 17 18 19 | 19.5
Crossbows      | 1 2 3 4 5 6 7 8 9 10 11 12 13 14 15 16 18 | 18.1
Throwing       | 1 2 3 4 5 6 7 8 9 10 11 12 13 14 15 16 17 18 | 18.3
Dodging        | 1 2 3 4 5 6 7 8 9 10 11 12 13 14 15 16 18 | 18.1
Stealth        | 1 2 3 4 5 6 7 8 9 10 11 12 13 14 15 16 18 | 18.1
Unarmed Combat | 1 2 3 4 5 6 7 8 9 10 11 12 13 14 15 16 18 | 18.1
Spellcasting   | 1 2 3 4 5 6 7 8 9 10 11 12 13 14 15 16 18 | 18.1
Evocations     | 1 2 3 4 5 6 7 8 9 10 11 12 13 14 15 16 18 | 18.1
Conjurations   | 1 2 3 4 5 6 7 8 9 10 11 12 13 14 15 | 15.6
Hexes          | 1 2 3 4 5 6 7 8 9 10 11 12 13 14 15 | 15.6
Charms         | 1 2 3 4 5 6 7 8 9 10 11 12 13 14 15 | 15.6
Summonings     | 1 2 3 4 5 6 7 8 9 10 11 12 13 14 15 | 15.6
Necromancy     | 1 2 3 4 5 6 7 8 9 10 11 12 13 14 15 | 15.6
Translocations | 1 2 3 4 5 6 7 8 9 10 11 12 13 14 15 | 15.6
Transmutations | 1 2 3 4 5 6 7 8 9 10 11 12 13 14 15 | 15.6
Fire Magic     | 1 2 3 4 5 6 7 8 9 10 11 12 13 14 15 | 15.6
Ice Magic      | 1 2 3 4 5 6 7 8 9 10 11 12 13 14 15 | 15.6
Air Magic      | 1 2 3 4 5 6 7 8 9 10 11 12 13 14 15 | 15.6
Earth Magic    | 1 2 3 4 5 6 7 8 9 10 11 12 13 14 15 | 15.6
Poison Magic   | 1 2 3 4 5 6 7 8 9 10 11 12 13 14 15 | 15.6
Fighting       | 7 8 9 10 11 12 13 14 15 16 17 18 | 18.9
Polearms       | 5 6 7 8 9 10 11 12 13 14 15 16 17 18 | 18.5
Armour         | 7 8 9 10 11 12 13 14 15 16 17 18 | 18.9
Shields        | 7 8 9 10 11 12 13 14 15 16 17 18 | 18.9

Action                   |  1- 3 |  4- 6 |  7- 9 | 10-12 | 13-15 | 16-18 | 19-21 | 22-24 | 25-27 || total
-------------------------+-------+-------+-------+-------+-------+-------+-------+-------+-------++-------
Melee: Trident           |    85 |    90 |   505 |  1057 |  1588 |    48 |    37 |       |       ||  3410
       Bite              |     6 |     6 |    66 |   226 |   426 |   173 |   254 |   194 |   178 ||  1529
       Katana            |       |       |       |       |   183 |   849 |  1012 |   914 |   788 ||  3746
       Demon whip        |       |       |       |       |       |       |     4 |       |       ||     4
Throw: Javelin           |       |       |       |       |       |       |    23 |       |     5 ||    28
 Cast: Regeneration      |       |       |       |     6 |    15 |    30 |    31 |    23 |    39 ||   144
       Borgnjor's Vile C |       |       |       |       |     4 |    26 |    38 |    38 |    38 ||   144
       Summon Lightning  |       |       |       |       |     4 |    37 |    32 |     9 |       ||    82
       Statue Form       |       |       |       |       |       |       |     5 |    31 |    65 ||   101
       Summon Forest     |       |       |       |       |       |       |     4 |    14 |    17 ||    35
       Malign Gateway    |       |       |       |       |       |       |       |       |    11 ||    11
       Ignition          |       |       |       |       |       |       |       |       |     6 ||     6
       Ring of Flames    |       |       |       |       |       |       |       |       |     2 ||     2
Invok: Slouch            |       |       |       |       |       |       |       |       |     1 ||     1
       Temporal Distorti |       |       |       |       |       |       |       |       |     1 ||     1
Evoke: Wand              |       |       |       |    14 |    10 |     1 |     3 |       |       ||    28
       Lightning rod     |       |       |       |     3 |     2 |     2 |       |       |       ||     7
  Use: Potion            |       |     1 |    14 |     4 |     7 |    13 |     8 |     2 |    15 ||    64
       Scroll            |       |       |    19 |    13 |    12 |     4 |    14 |    24 |    19 ||   105
 Stab: Invisible         |       |       |     4 |       |       |     3 |     2 |       |       ||     9
       Distracted        |       |       |       |       |     5 |    19 |    12 |    15 |    10 ||    61
       Sleeping          |       |       |       |       |       |     2 |     8 |    10 |     3 ||    23
       Confused          |       |       |       |       |       |       |     1 |       |     1 ||     2
  Eat: Chunk             |     2 |     2 |    11 |    34 |    24 |    17 |     2 |     5 |     5 ||   102
       Ration            |       |       |       |       |       |       |     5 |     6 |     8 ||    19
Armor: Scale mail        |    40 |    58 |       |       |       |       |       |       |       ||    98
       Chain mail        |       |     2 |     9 |       |       |       |       |       |       ||    11
       Plate armour      |       |       |   318 |   395 |   475 |   348 |   223 |    74 |       ||  1833
       Skin              |       |       |       |       |       |       |    16 |   100 |   128 ||   244
       Gold dragon scale |       |       |       |       |       |       |       |    32 |    65 ||    97
Dodge: Dodged            |    26 |    36 |   283 |   519 |   939 |   493 |   461 |   611 |   668 ||  4036
Block: Shield            |    53 |    68 |   415 |   758 |  1326 |   892 |  1053 |  1175 |  1221 ||  6961
       Reflection        |       |       |       |       |       |    44 |    97 |    74 |    88 ||   303
       Rpst.: Katana     |       |       |       |       |    21 |    74 |    74 |   101 |   127 ||   397
